 Dungeon Crawl Stone Soup version 0.28.0-43-g3370ac3207 (webtiles) character file.

Game seed: 7703661390088187985

4564 funkygono the Arsonist (level 10, -8/52 HPs)
             Began as a Gargoyle Fire Elementalist on Mar 3, 2022.
             Was a Follower of Vehumet.
             Mangled by a troll (11 damage)
             ... on level 10 of the Dungeon.
             The game lasted 00:19:12 (11060 turns).

funkygono the Arsonist (GrFE)                      Turns: 11060, Time: 00:19:12

Health: -8/52      AC: 15    Str: 16    XL:     10   Next: 40%
Magic:  6/22       EV: 11    Int: 21    God:    Vehumet [*.....]
Gold:   322        SH:  0    Dex: 10    Spells: 11/26 levels left

rFire   . . .      SeeInvis .   B - +2 whip (pain)
rCold   . . .      Faith    .   (no shield)
rNeg    + + .      Spirit   .   h - +1 leather armour of Gogh {Str+5}
rPois   ∞          Reflect  .   y - +1 helmet
rElec   +          Harm     .   (no cloak)
rCorr   .          Rampage  .   g - +1 pair of gloves
Will    .....                   (no boots)
Stlth   ++........              (no amulet)
HPRegen 0.17/turn               i - ring of wizardry
MPRegen 0.18/turn               z - ring of positive energy

@: marked
A: sickness immunity, AC +7, negative energy resistance 1, electricity
resistance, torment resistance 1, petrification resistance
a: Renounce Religion


You were on level 10 of the Dungeon.
You worshipped Vehumet.
Vehumet was aware of your devotion.
You visited 2 branches of the dungeon, and saw 9 of its levels.
You also visited: Ossuary.

You collected 322 gold pieces.

Inventory:

Hand Weapons
 f - a +1 whip of electrocution
 m - a +0 whip
 p - a +4 morningstar
 u - a +2 mace of venom
 B - a +2 whip of pain (weapon)
Missiles
 c - 143 stones
 e - 3 throwing nets
Armour
 a - a +0 robe
 g - a +1 pair of gloves (worn)
 h - the +1 leather armour of Gogh (worn) {Str+5}
   (You found it on level 2 of the Dungeon)

   Str:       It affects your strength (+5).
 y - a +1 helmet (worn)
 C - +0 ice dragon scales
Jewellery
 i - a ring of wizardry (left hand)
 l - a ring of ice
 z - a ring of positive energy (right hand)
Wands
 w - a wand of polymorph (2)
Scrolls
 b - 7 scrolls of blinking
 o - a scroll of magic mapping
 q - a scroll of summoning
 v - 2 scrolls of teleportation
 x - 2 scrolls of immolation
 D - a scroll of fog
Potions
 d - 4 potions of attraction
 j - 3 potions of curing
 k - 5 potions of might
 r - 2 potions of mutation
 s - 2 potions of flight
 t - 2 potions of brilliance {unknown}
 A - 2 potions of resistance {unknown}
Miscellaneous
 n - a phial of floods


   Skills:
 + Level 1.5 Fighting
 + Level 1.1 Maces & Flails
 + Level 3.0 Armour
 + Level 2.3 Dodging
 - Level 2.1 Stealth
 * Level 8.8 Spellcasting
 * Level 6.3 Conjurations
 * Level 9.7 Fire Magic


You had 11 spell levels left.
You knew the following spells:

 Your Spells              Type           Power      Damage    Failure   Level
a - Foxfire               Conj/Fire      100%       2x1d9     1%          1
b - Scorch                Fire           100%       2d10      1%          2
c - Conjure Flame         Conj/Fire      43%        6-21      1%          3
d - Flame Wave            Conj/Fire      43%        2d9       1%          4
e - Sticky Flame          Conj/Fire      43%        2d6       1%          4
f - Sandblast             Erth           18%        2d7       3%          1

Your spell library contained the following spells:

 Spells                   Type           Power      Damage    Failure   Level
 Inner Flame              Hex/Fire       29%        N/A       1%          3
 Ignite Poison            Fire/Tmut/Pois 22%        N/A       2%          3
 Corpse Rot               Necr/Air       18%        N/A       5%          2
 Poisonous Vapours        Pois/Air       18%        N/A       5%          2


Dungeon Overview and Level Annotations

Branches:
Dungeon (7/15)             Temple (1/1) D:5         Ossuary (visited)

Altars:
Ashenzari
Cheibriados
Dithmenos
Elyvilon
Fedhas
Gozag
Hepliaklqana
Makhleb
Nemelex Xobeh
Okawaru
Qazlal
Ru
Trog
Uskayaw
Vehumet
Wu Jian
Xom
Yredelemnul
Zin
The Shining One


Innate Abilities, Weirdness & Mutations

You are immune to sickness and miasma.
Your stone body is resilient. (AC +7)
You are immune to poison.
You resist negative energy. (rN+)
You are resistant to electric shocks. (rElec)
You are resistant to unholy torment.
You are immune to petrification.


Message History

You hit the skeletal warrior but do no damage.
The skeletal warrior is moderately damaged.
The skeletal warrior burns!
The skeletal warrior hits you with a +0 short sword!
You hit the skeletal warrior but do no damage.
The skeletal warrior is moderately damaged.
The skeletal warrior burns!
The skeletal warrior barely misses you.
Unknown command.
Casting: Sticky Flame (dangerous; 1% risk of failure)
Confirm with . or Enter, or press ? or * to list all spells.
Aiming: Sticky Flame (dangerous; 1% risk of failure)
Press: ? - help, Shift-Dir - straight line, f/p - skeletal warrior
Aim: a skeletal warrior, wielding a +0 short sword (moderately damaged, covered in liquid flames, 100% to hit)
The sticky flame hits the skeletal warrior but does no damage.
The skeletal warrior is moderately damaged.
The skeletal warrior is covered in liquid flames!
The skeletal warrior burns!
The skeletal warrior hits you but does no damage.
The skeletal warrior burns!
A wraith comes into view.
The skeletal warrior burns!
A yak comes into view.
Casting: Sticky Flame (dangerous; 1% risk of failure)
Confirm with . or Enter, or press ? or * to list all spells.
Okay, then.
Casting: Sticky Flame (dangerous; 1% risk of failure)
Confirm with . or Enter, or press ? or * to list all spells.
Aiming: Sticky Flame (dangerous; 1% risk of failure)
Press: ? - help, Shift-Dir - straight line, f - troll, p - skeletal warrior
Aim: a troll (100% to hit)
The sticky flame hits the troll.
The troll is lightly wounded.
The troll is covered in liquid flames!
The skeletal warrior burns!
The troll burns!
The skeletal warrior hits you with a +0 short sword!
* * * LOW HITPOINT WARNING * * *
The troll bites you!
* * * LOW HITPOINT WARNING * * *
The troll claws you!
You die...

#.......# #.#####.#
#.# #.# #.# #.# ###
#.# #.# ######.##
#.# #.# #.....#Y##
#.# #.#
#.##.###z######.#
#.# .....Y.##
##@......# #.###
####.##<###T####.###
#...# # #.#W## #)#
#...# ###.####.##
#.# #...#
..........## #)#
##.## ########...#
#)# #.# ###...####.#
#.# #.......##.##
#.# #...........#
#.#


You could see a skeletal warrior (burning), a yak, a troll (burning) and a
wraith.

Vanquished Creatures
  A hornet (D:7)
  Sigmund (D:5)
  A wraith (Ossuary)
  A steam dragon (D:6)
  3 water moccasins
  Duvessa (D:7)
  2 orc warriors
  3 necrophages
  An ogre (D:6)
  3 phantoms
  A gnoll sergeant (D:2)
  Blork the orc (D:5)
  A kobold brigand (D:10)
  2 bullfrogs (D:6)
  2 scorpions
  A wyvern skeleton (D:7)
  Dowan (D:7)
  7 wights
  3 howler monkeys
  4 centaur zombies
  A hound (D:3)
  A jelly (D:5)
  A bullfrog zombie (D:6)
  2 gnoll shamans
  2 human zombies (Ossuary)
  3 iguanas
  2 orc wizards (D:7)
  3 mummies (Ossuary)
  18 gnolls
  A howler monkey skeleton (D:5)
  6 adders
  An ufetubus (D:4)
  3 worms
  4 dart slugs
  16 orcs
  10 ball pythons
  6 endoplasms
  6 giant cockroaches
  A gnoll zombie (Ossuary)
  8 goblins
  10 hobgoblins
  4 jackals (D:4)
  9 quokkas
  4 bats
  5 frilled lizards
  A goblin zombie (Ossuary)
  4 hobgoblin zombies (Ossuary)
  10 kobolds
  A kobold zombie (Ossuary)
  12 rats
195 creatures vanquished.

Vanquished Creatures (others)
  608 foxfires
  A plant (D:1)
609 creatures vanquished.

Grand Total: 804 creatures vanquished

Notes
Turn   | Place    | Note
-------+----------+-------------------------------------------
     0 | D:1      | funkygono the Gargoyle Fire Elementalist began the quest
                  | for the Orb.
     0 | D:1      | Reached XP level 1. HP: 10/10 MP: 3/3
   341 | D:1      | Reached XP level 2. HP: 15/15 MP: 3/5
   344 | D:1      | Learned a level 2 spell: Scorch
  1016 | D:1      | Reached XP level 3. HP: 19/19 MP: 1/6
  1198 | D:1      | Learned a level 3 spell: Conjure Flame
  1681 | D:2      | Reached skill level 4 in Fire Magic
  1774 | D:2      | Found a faded altar of an unknown god.
  1795 | D:2      | Identified the +1 leather armour of Gogh {Str+5}
  2011 | D:2      | Reached XP level 4. HP: 24/24 MP: 3/7
  2882 | D:3      | Reached skill level 1 in Armour
  3071 | D:3      | Noticed a gnoll sergeant
  3096 | D:2      | Reached XP level 5. HP: 11/28 MP: 0/9
  3594 | D:2      | Reached skill level 5 in Fire Magic
  3780 | D:2      | Learned a level 4 spell: Flame Wave
  3788 | D:3      | Reached XP level 6. HP: 30/32 MP: 1/10
  4187 | D:3      | Found a glowing silver altar of Zin.
  5531 | D:4      | Reached XP level 7. HP: 37/37 MP: 9/13
  5577 | D:4      | Found a sand-covered staircase.
  5582 | Ossuary  | Entered an ossuary
  5582 | Ossuary  | Noticed a wraith
  5582 | Ossuary  | Noticed a wraith
  5582 | Ossuary  | Noticed a wraith
  6193 | Ossuary  | Noticed a wraith
  6206 | Ossuary  | Killed a wraith
  6207 | Ossuary  | Reached skill level 6 in Fire Magic
  6745 | D:4      | Reached skill level 5 in Spellcasting
  7227 | D:3      | Identified a scroll of acquirement
  7227 | D:3      | Acquired an Everburning Encyclopedia
  7241 | D:3      | Learned a level 4 spell: Sticky Flame
  7258 | D:5      | Entered Level 5 of the Dungeon
  7270 | D:5      | Reached XP level 8. HP: 42/42 MP: 6/15
  7384 | D:5      | Noticed Blork the orc
  7405 | D:5      | Killed Blork the orc
  7619 | D:5      | Found a snail-covered altar of Cheibriados.
  7622 | D:5      | Found a sparkling altar of Nemelex Xobeh.
  7622 | D:5      | Found an ornate altar of the Wu Jian Council.
  7635 | D:5      | Reached skill level 7 in Fire Magic
  7732 | D:5      | Found a staircase to the Ecumenical Temple.
  7806 | D:5      | Found an opulent altar of Gozag.
  7893 | Temple   | Entered the Ecumenical Temple
  8043 | Temple   | Became a worshipper of Vehumet
  8378 | D:5      | Noticed Sigmund
  8384 | D:5      | Killed Sigmund
  8451 | D:5      | Found a sacrificial altar of Ru.
  8687 | D:6      | Reached XP level 9. HP: 33/46 MP: 5/18
  8922 | D:6      | Reached skill level 1 in Fighting
  9048 | D:6      | Reached skill level 8 in Fire Magic
  9191 | D:6      | Reached * piety under Vehumet
  9191 | D:6      | Offered knowledge of Sandblast by Vehumet.
  9432 | D:6      | Reached skill level 5 in Conjurations
  9949 | D:6      | Learned a level 1 spell: Sandblast
 10276 | D:7      | Noticed Duvessa
 10277 | D:7      | Noticed Dowan
 10284 | D:7      | Killed Duvessa
 10285 | D:7      | Reached skill level 9 in Fire Magic
 10285 | D:7      | Killed Dowan
 10353 | D:7      | Noticed a hornet
 10361 | D:7      | Killed a hornet
 10362 | D:7      | Reached XP level 10. HP: 38/52 MP: 15/22
 10593 | D:7      | You fall into a shaft and drop 3 floors!
 10593 | D:10     | Entered Level 10 of the Dungeon
 10600 | D:10     | Found the +5 scythe "Finisher" {speed, eviscerate}
 11033 | D:10     | Reached skill level 1 in Maces & Flails
 11047 | D:10     | Noticed a skeletal warrior
 11060 | D:10     | Mangled by a troll

Illustrated notes

Levels and vault maps discovered:
D:1:      nicolae_arrival_somewhat_less_tricky_arrival, layout_basic,
          serial_forest, infiniplex_forest_lined_room_2,
          infiniplex_forest_lined_room_3, infiniplex_forest_clump_small,
          infiniplex_forest_end_2, infiniplex_forest_diagonal,
          infiniplex_forest_clump_small
D:2:      layout_loops_ring, hellmonk_ecumenical_altar_arch_garden
D:3:      layout_loops_ring, zin_statuary, grunt_decor_clamped, kennysheep_nub,
          minmay_checkerbox
D:4:      layout_rooms, enter_ossuary_2, minmay_circle_x
D:5:      layout_gridville, nicolae_ru_path_of_blood,
          grunt_temple_overflow_open, minmay_temple_entry_large_hall,
          uniq_sigmund, uniq_blork_the_orc
D:6:      layout_basic
D:7:      layout_loops_cross, minmay_manual_mandibuliform, uniq_duvessa
D:10:     layout_loops_ring, mainiacjoe_overflow_six_doors_small,
          minmay_guarded_unrand_finisher
Temple:   dpeg_chambers_temple

Skill      XL: |  1  2  3  4  5  6  7  8  9 10 |
---------------+-------------------------------+-----
Fire Magic     | 4 5 6 7 9 |  9.7
Armour         | 1 2 3 |  3.0
Spellcasting   | 3 4 5 6 8 |  8.8
Conjurations   | 2 3 4 5 6 |  6.3
Fighting       | 1 |  1.5
Dodging        | 2 |  2.3
Maces & Flails | 1 |  1.1
Stealth        | |  2.1

Action                   |  1- 3 |  4- 6 |  7- 9 | 10-12 || total
-------------------------+-------+-------+-------+-------++-------
Melee: Club              |     3 |     5 |       |       ||     8
       Punch             |     1 |       |     1 |       ||     2
       Whip              |       |     8 |    13 |    27 ||    48
 Cast: Foxfire           |    55 |   105 |   202 |    17 ||   379
       Scorch            |    10 |    30 |    43 |     8 ||    91
       Conjure Flame     |       |     1 |       |       ||     1
       Sticky Flame      |       |       |     3 |    10 ||    13
       Flame Wave        |       |       |     6 |       ||     6
  Use: Scroll            |       |     4 |    13 |     1 ||    18
Armor: Robe              |     2 |       |       |       ||     2
       Leather armour    |       |    33 |    50 |    36 ||   119
Dodge: Dodged            |    11 |    47 |    59 |    33 ||   150
